 Dungeon Crawl Stone Soup version 0.18-a0-952-g309898a (webtiles) character file.

29 Duffy the Slasher (level 3, 0/24 HPs)
             Began as a High Elf Gladiator on Dec 31, 2015.
             Succumbed to a goblin's poison
             ... on level 2 of the Dungeon.
             The game lasted 00:01:08 (1299 turns).

Duffy the Slasher (High Elf Gladiator)              Turns: 1299, Time: 00:01:08

Health: 0/24       AC:  4    Str: 15      XL:     3   Next: 1%
Magic:  4/4        EV: 13    Int: 15 (17) God:
Gold:   13         SH:  0    Dex: 19      Spells: 0 memorised, 2 levels left

rFire  . . .     SeeInvis .     s - +1 dagger (venom)
rCold  . . .     Gourm    .     b - +0 leather armour
rNeg   . . .     Faith    .     (no shield)
rPois  .         Spirit   .     c - +0 helmet
rElec  .         Dismiss  .     (no cloak)
rCorr  .         Reflect  .     (no gloves)
SustAt .         Harm     .     (no boots)
MR     .....                    (no amulet)
Stlth  +.........               (no ring)
                                o - +4 ring of dexterity

@: brilliant, lethally poisoned (0 -> -3), not resistant to hostile
enchantments, very unstealthy
A: wild magic 1
a: no special abilities


You were on level 2 of the Dungeon.
You were very hungry.

You visited 1 branch of the dungeon, and saw 2 of its levels.

You collected 13 gold pieces.


Innate Abilities, Weirdness & Mutations

Your spells are a little harder to cast, but a little more powerful.


   Skills:
 - Level 2.0 Fighting
 + Level 5.0 Long Blades
 - Level 2.0 Throwing
 - Level 3.2 Dodging


You had 2 spell levels left.
You didn't know any spells.

Inventory:

Hand Weapons
 a - a +0 long sword
 s - a +1 dagger of venom (weapon)
Missiles
 d - 3 throwing nets (quivered)
 g - 17 poisoned needles
 k - 13 arrows
Armour
 b - a +0 leather armour (worn)
 c - a +0 helmet (worn)
Jewellery
 o - a +4 ring of dexterity (left hand)
Scrolls
 e - a scroll of random uselessness {unknown}
 h - a scroll of blinking {unknown}
 l - 3 scrolls of immolation
 n - 2 scrolls of remove curse {unknown}
 p - 2 scrolls of identify {unknown}
 r - a scroll of fear {unknown}
Potions
 m - a potion of brilliance
Comestibles
 f - a bread ration
 j - 3 fruits
 q - a beef jerky

Dungeon Overview and Level Annotations

Branches:
Dungeon (2/15)

Altars:


Message History

You feel sick.
You feel sick.
There is a lethal amount of poison in your body!
You feel sick.
You feel sick.
You see here a red potion.
t - a red potion You feel sick.
Drink which item? (? for menu, Esc to quit)
It was a potion of degeneration.
There was something very wrong with that liquid.
You feel dopey.
You feel sick. What do you say? t - Shout!
Orders for allies: a - Attack new target. r - Retreat! s - Stop attacking. w - Wait here. f - Follow me.
Anything else - Stay silent.
Okay, then.
Unknown command.
Unknown command.
Drink which item? (? for menu, Esc to quit)
It was a potion of beneficial mutation.
You feel less in control of your magic.
You feel fantastic!
You feel sick.
You feel sick.
You see here a scroll labeled OCROTR IKLUATZ.
p - 2 scrolls labeled OCROTR IKLUATZ (gained 1)
You feel sick.
You feel sick.
You feel sick.
You feel sick.
You feel sick.
You die...

.# #. .## .# #.#
..# .# #.# ..#
.# #.# ..# ##.#
#.# # ..# #..
#.# .. #.# #.#
#.####.## #.#
###.####.......#
..#
#........@.....#
#.#
#.#.#########..#
#.# #.#.#
..######.#.#
#..........#
#.#.####.###
#.#.# .....
....##.#.....
#............#


There were no monsters in sight!

Action                   || total
-------------------------++-------
Melee: Long sword        ||    54
  Use: Scroll            ||     1
       Potion            ||     3
 Stab: Sleeping          ||     3

Notes
Turn   | Place    | Note
--------------------------------------------------------------
     0 | D:1      | Duffy the High Elf Gladiator began the quest for the Orb.
     0 | D:1      | Reached XP level 1. HP: 14/14 MP: 2/2
   121 | D:1      | Reached skill level 4 in Long Blades
   124 | D:1      | Reached XP level 2. HP: 12/19 MP: 3/3
   776 | D:1      | Reached skill level 5 in Long Blades
  1270 | D:2      | Reached XP level 3. HP: 18/24 MP: 4/4
  1281 | D:2      | Gained mutation: Your spells are a little harder to cast, but a little more powerful. [potion of beneficial mutation]
  1299 | D:2      | Succumbed to a goblin's poison

Vault maps used:
D:1:      eino_arrival_water_star, minmay_distorted
D:2:      ecumenical_altar_1

Vanquished Creatures
  An ooze
  4 goblins
  5 hobgoblins
  A ball python
  4 bats
  A giant cockroach
  A giant newt
  4 kobolds
  3 rats
24 creatures vanquished.
